 Dungeon Crawl Stone Soup version 0.32-a0-699-g1ee5eff69a (webtiles) character file.

Game seed: 10845614990872017160

3648 zenocrate the Digger (level 10, 0/63 HPs)
             Began as an Octopode Earth Elementalist on Mar 13, 2024.
             Was an Initiate of Gozag.
             Slain by Maggie
             ... wielding a +0 halberd of flaming
              (15 damage)
             ... on level 7 of the Dungeon.
             The game lasted 00:09:05 (7111 turns).

zenocrate the Digger (Octopode Earth Elementalist)  Turns: 7111, Time: 00:09:06

Health: 0/63       AC:  1    Str: 11    XL:     10   Next: 12%
Magic:  0/20       EV: 13    Int: 21    God:    Gozag
Gold:   833        SH:  0    Dex: 13    Spells: 11/22 levels left

rFire   . . .        a - +2 short sword "Paropt" {venom, rN+ Str+3 SInv Stlth+}
rCold   . . .        (no shield)
rNeg    + . .        (helmet restricted)
rPois   .            t - amulet of the acrobat
rElec   .            i - ring of flight
rCorr   .            (no ring)
SInv    +            (no ring)
Will    .....        (no ring)
Stlth   ++++         (no ring)
HPRegen 0.30/turn    (no ring)
MPRegen 0.17/turn    (no ring)
                     (no ring)

%: acrobat
@: gold aura, flying, mesmerised
A: almost no armour, amphibious, 8 rings, camouflage 1, gelatinous body 1,
(nimble swimmer 1), tentacles
a: Renounce Religion, Potion Petition, Call Merchant, Bribe Branch


You were on level 7 of the Dungeon.
You worshipped Gozag.
Gozag was pleased with you.
You visited 1 branch of the dungeon, and saw 7 of its levels.
You also visited: Sewer.

You collected 880 gold pieces.
You paid 47 gold pieces to Gozag.

Inventory:

Hand Weapons
 a - the +2 short sword "Paropt" (weapon) {venom, rN+ Str+3 SInv Stlth+}
   (You found it on level 2 of the Dungeon)

   Str+3:     It affects your strength (+3).
   rN+:       It protects you from negative energy.
   SInv:      It lets you see invisible.
   Stlth+:    It makes you more stealthy.
 f - a +1 short sword of speed
 p - the +4 whip of Subjectivity {drain, ^Fragile rF+ rN+ Dex+2}
   (You found it in a sewer)

   Dex+2:     It affects your dexterity (+2).
   rF+:       It protects you from fire.
   rN+:       It protects you from negative energy.
   ^Fragile:  It will be destroyed if unequipped.
Jewellery
 i - a ring of flight (left tentacle)
 t - an amulet of the acrobat (around mantle)
Talismans
 b - a serpent talisman
 h - a maw talisman
 m - a blade talisman
 n - a talisman of death
 u - a flux talisman
Wands
 w - a wand of flame (30)
 y - a wand of mindburst (6)
Scrolls
 c - a scroll of immolation
 d - a scroll of torment
 g - a scroll of blinking
 o - 3 scrolls of teleportation
 q - a scroll of fear {unknown}
 v - a scroll of noise {unknown}
 B - a scroll of silence
Potions
 e - 4 potions of magic
 j - a potion of attraction
 k - 3 potions of curing
 l - 2 potions of heal wounds
 r - 5 potions of might {unknown}
 s - 2 potions of invisibility {unknown}
 x - a potion of degeneration {unknown}
 z - a potion of ambrosia {unknown}
 A - 2 potions of mutation {unknown}


   Skills:
 + Level 3.9 Fighting
 + Level 3.3 Dodging
 + Level 3.0 Stealth
 - Level 1.3 Unarmed Combat
 + Level 6.7 Spellcasting
 + Level 7.7 Conjurations
 + Level 7.7 Earth Magic
 + Level 0.5 Evocations
 - Level 3.0 Shapeshifting


You had 11 spell levels left.
You knew the following spells:

 Your Spells              Type           Power      Damage    Failure   Level
a - Stone Arrow           Conj/Erth      78%        3d11      1%          3
b - Sandblast             Erth           78%        2d17      1%          1
c - Brom's Barrelling Bo  Conj/Erth      39%        2d6       3%          4
z - Passwall              Erth           39%        N/A       1%          3

Your spell library contained the following spells:

 Spells                   Type           Power      Damage    Failure   Level
 Ensorcelled Hibernation  Hex/Ice        14%        N/A       14%         2
 Petrify                  Alch/Erth      23%        N/A       19%         4
 Fugue of the Fallen      Necr           7%         N/A       26%         3
 Inner Flame              Hex/Fire       7%         N/A       26%         3
 Irradiate                Conj/Alch      11%        3d15      45%         5
 Anguish                  Hex/Necr       3%         N/A       65%         4
 Ignition                 Fire           3%         3d4       100%        8


Dungeon Overview and Level Annotations

Branches:
Dungeon (7/15)              Sewer (visited)
 Temple: D:4-7

Altars:
Gozag
Hepliaklqana
Okawaru

Shops:
D:2 (

Annotations:
D:7 Maggie


Innate Abilities, Weirdness & Mutations

You cannot wear most types of armour.
You are amphibious.
You can wear up to eight rings at the same time.
Your skin changes colour to match your surroundings (Stealth+).
Your rubbery body absorbs attacks. (AC +1, EV +1)
((You are camouflaged when in or above water. (Stealth+)))
You have tentacles for arms and can constrict up to eight enemies at once.


Message History

* * * LOW HITPOINT WARNING * * *
The orc priest completely misses you.
The orc wizard is distracted by your dazzling golden aura.
The orc is distracted by your dazzling golden aura.
Unknown command.
Unknown command.
You feel much better. Maggie barely misses you.
The orc priest barely misses you.
Casting: Stone Arrow (safe; 1% risk of failure)
Confirm with . or Enter, or press ? or * to list all spells.
Aiming: Stone Arrow (safe; 1% risk of failure)
Press: ? - help, Shift-Dir - straight line, f/p - Maggie
Aim: Maggie, wielding a +0 halberd of flaming and wearing +0 acid dragon scales (almost dead, 74% to hit)
The stone arrow hits the orc priest!!
You kill the orc priest!
The orc shouts!
The orc wizard shouts!
You hear a shout! x2
You hear a horrible gurgling sound!
You hear an angry buzzing noise.
The orc is no longer distracted by gold.
Maggie gestures at you while chanting. The bolt of fire hits you!!
* * * LOW HITPOINT WARNING * * *
The orc wizard is distracted by your dazzling golden aura. x2
The orc wizard shouts!
Unknown command.
You hit the orc but do no damage.
The orc is poisoned.
You grab the orc. You constrict the orc.
Maggie gestures wildly while chanting.
Maggie attempts to bespell you!
You are mesmerised by Maggie!
An orc wizard comes into view. It is wielding a +0 dagger.
The orc hits you with a +0 flail.
* * * LOW HITPOINT WARNING * * *
Unknown command.
You hit the orc but do no damage.
The orc looks even sicker.
The orc is almost dead.
You constrict the orc!
You kill the orc!
Maggie hits you from afar with a +0 halberd of flaming!
You die...
Your body crumbles into a pile of gold.

##### #...#..#
####.#.#.o#
#......#..##
###.#......#..o##
...........#.oo.###
##.#..##'#<#.....o.
##..#.###.o..#
#....@$@.o#
##.#####.## #. # ##


You could see Maggie (mesmerising) and 4 orc wizards.

Vanquished Creatures
  Pikel (D:5)
  Sigmund (D:3)
  A steam dragon (D:6)
  Menkaure (D:5)
  3 water moccasins (D:6)
  3 ice beasts
  An ogre (D:6)
  5 black bears
  2 lemures (D:5)
  A centaur (D:6)
  2 phantoms
  The ghost of pokeman the Magician, an amateur DEHW (D:3)
  2 kobold brigands
  3 bullfrogs
  4 scorpions
  A wight (D:6)
  A bombardier beetle (D:3)
  A howler monkey (D:5)
  2 jellies
  An orc priest (D:7)
  A sleepcap (D:6)
  A hound (D:6)
  Crazy Yiuf (D:5)
  3 iguanas (D:5)
  An orc wizard (D:5)
  3 gnolls (D:2)
  12 adders
  A river rat (D:3)
  3 shadow imps
  A white imp (D:6)
  10 ufetubi
  2 dart slugs
  3 ribbon worms
  12 orcs
  11 ball pythons
  7 endoplasms
  10 giant cockroaches
  5 goblins
  7 hobgoblins
  11 jackals
  2 quokkas
  6 bats
  A frilled lizard (D:3)
  26 kobolds
  2 kobold zombies (Sewer)
  3 rats
182 creatures vanquished.

Notes
Turn   | Place    | Note
-------+----------+-------------------------------------------
     0 | D:1      | zenocrate the Octopode Earth Elementalist began the quest
                  | for the Orb.
     0 | D:1      | Reached XP level 1. HP: 11/11 MP: 3/3
    48 | D:1      | Reached XP level 2. HP: 14/17 MP: 1/5
   139 | D:1      | You fall into a shaft and drop 1 floor!
   249 | D:2      | Identified the +2 short sword "Paropt" {venom, rN+ Str+3
                  | SInv Stlth+}
   255 | D:2      | Reached XP level 3. HP: 21/21 MP: 2/6
   259 | D:2      | Learned a level 3 spell: Stone Arrow
   473 | D:1      | Found a faded altar of an unknown god.
  1229 | D:2      | Reached XP level 4. HP: 27/27 MP: 7/7
  1355 | D:2      | Found Oclae's Antique Weapon Boutique.
  1718 | D:2      | Learned a level 3 spell: Passwall
  1906 | D:3      | Noticed Sigmund
  1918 | D:3      | Killed Sigmund
  1919 | D:3      | Reached XP level 5. HP: 31/31 MP: 7/10
  1919 | D:3      | Reached XP level 6. HP: 36/36 MP: 7/11
  2313 | D:3      | Found a glowing drain.
  2320 | Sewer    | Entered a sewer
  2515 | Sewer    | Found an ancient bone altar of Kikubaaqudgha.
  2530 | Sewer    | Reached skill level 1 in Unarmed Combat
  2530 | Sewer    | Reached XP level 7. HP: 28/41 MP: 3/12
  2614 | Sewer    | Identified the +0 pair of gloves "Qemiluuj" {Rampage Will+
                  | Str-2 Int+2}
  2617 | Sewer    | Identified the +4 whip of Subjectivity {drain, ^Fragile rF+
                  | rN+ Dex+2}
  2880 | Sewer    | Learned a level 4 spell: Brom's Barrelling Boulder
  2931 | D:3      | Found a runed translucent gate.
  2935 | D:3      | Found a runed translucent gate.
  2935 | D:3      | Found an opulent altar of Gozag.
  2937 | D:3      | Found a runed translucent gate.
  2939 | D:3      | Noticed pokeman's ghost (amateur DEHW)
  3130 | D:3      | Killed pokeman's ghost
  3231 | D:3      | Reached skill level 5 in Earth Magic
  3300 | D:3      | Became a worshipper of Gozag Ym Sagoz the Greedy
  3326 | D:4      | Reached skill level 5 in Conjurations
  3442 | D:4      | Found an iron altar of Okawaru.
  3540 | D:4      | Found a hazy altar of Hepliaklqana.
  3852 | D:5      | Entered Level 5 of the Dungeon
  3854 | D:5      | Noticed Menkaure
  3858 | D:5      | Killed Menkaure
  3859 | D:5      | Reached XP level 8. HP: 26/46 MP: 10/14
  3939 | D:5      | Noticed Pikel
  3955 | D:5      | Killed Pikel
  3956 | D:5      | Reached skill level 5 in Spellcasting
  4792 | D:5      | Reached XP level 9. HP: 35/51 MP: 2/17
  5003 | D:5      | Found a runed translucent door.
  5004 | D:5      | Noticed Crazy Yiuf
  5381 | D:5      | Killed Crazy Yiuf
  5583 | D:6      | Reached skill level 1 in Fighting
  6350 | D:6      | Identified the +3 ring mail of Echuefa {Harm rN+++ Int-3}
  6776 | D:6      | Reached XP level 10. HP: 13/63 MP: 10/19
  7081 | D:7      | Identified the +1 leather armour "Siethrol" {*Corrode rF++
                  | Will+ Slay+4}
  7092 | D:7      | Noticed Maggie
  7111 | D:7      | Slain by Maggie

Illustrated notes

Levels and vault maps discovered:
D:1:      dpeg_arrival_more_subterranean_lakeside_camping, layout_basic,
          shapermc_ecumenical_altar_totnotflames
D:2:      layout_basic, serial_shops, shop
D:3:      layout_loops_ring, gup_sewer_entry_bubbles, ebering_ghost_gozag,
          uniq_sigmund
D:4:      layout_rooms, nzn_hepliaklqana_mist_gate, lemuel_tele_altar
D:5:      layout_basic, hex_intersection, serial_bayou_ford_a, minivault_4,
          serial_park_tiny_2, uniq_pikel, uniq_crazy_yiuf_cottage, uniq_menkaure
D:6:      minmay_razor_zed, layout_loops_ring, lemuel_flamethrower_2
D:7:      cheibrodos_barr_body, layout_basic, tgw_sif,
          pdpol_wu_jian_five_deadly_venoms, minmay_temple_entry_glassed_door,
          uniq_maggie

Skill      XL: |  1  2  3  4  5  6  7  8  9 10 |
---------------+-------------------------------+-----
Conjurations   | 2 4 5 6 7 |  7.7
Spellcasting   | 3 4 5 6 |  6.7
Earth Magic    | 4 5 6 7 |  7.7
Unarmed Combat | 1 |  1.3
Dodging        | 3 |  3.3
Shapeshifting  | 2 3 |  3.0
Fighting       | 3 |  3.9
Stealth        | 3 |  3.0
Evocations     | |  0.5

Action                     |  1- 3 |  4- 6 |  7- 9 | 10-12 || total
---------------------------+-------+-------+-------+-------++-------
  Melee: Unarmed           |    10 |       |     6 |       ||    16
         Tentacles         |    11 |    16 |    30 |     8 ||    65
         Constrict         |    15 |    21 |    30 |     7 ||    73
         Short sword       |    27 |    64 |   109 |    23 ||   223
   Cast: Sandblast         |    16 |    25 |     4 |       ||    45
         Stone Arrow       |       |     5 |    79 |    12 ||    96
  Evoke: Wand              |       |       |       |     2 ||     2
    Use: Scroll            |     3 |     5 |     1 |       ||     9
         Potion            |       |       |     2 |     4 ||     6
   Stab: Sleeping          |     7 |     9 |     4 |       ||    20
 Armour: Skin              |    19 |    47 |    85 |    29 ||   180
  Dodge: Dodged            |    18 |    50 |    85 |    39 ||   192

Table legend: (Time is in decaauts)
 A = Elapsed time spent in this place.
 B = Non-inter-level travel time spent in this place.
 C = Inter-level travel time spent in this place.
 D = Time resting spent in this place.
 E = Time spent auto-exploring this place.
 F = Levels seen in this place.
 G = Mean time per level.
                   A        B        C        D        E       F      G
               +--------+--------+--------+--------+--------+-----+--------+
         Total |   7128 |   6910 |    218 |     28 |   5720 |   8 |  891.0 |
       Dungeon |   6568 |   6350 |    218 |     28 |   5318 |   7 |  938.3 |
         Sewer |    560 |    560 |      0 |      0 |    402 |   1 |  560.0 |
               +--------+--------+--------+--------+--------+-----+--------+

Top non-repeatable levels by time:
     D:5: 1620 daAuts
     D:6: 1529 daAuts
     D:3: 1033 daAuts
     D:1: 947 daAuts
     D:2: 797 daAuts
   Sewer: 560 daAuts
     D:4: 530 daAuts
     D:7: 109 daAuts
